 Dungeon Crawl Stone Soup version 0.21-a0-444-g29a2fec (webtiles) character file.

2663 Fuzzwah the Cleaver (level 9, 0/81 HPs)
             Began as a Minotaur Berserker on Aug 28, 2017.
             Was an Elder of Trog.
             Slain by an ogre
             ... wielding a +0 giant club
              (20 damage)
             ... on level 7 of the Dungeon on Nov 17, 2017.
             The game lasted 00:14:51 (4690 turns).

Fuzzwah the Cleaver (Minotaur Berserker)            Turns: 4690, Time: 00:14:51

Health: 0/81       AC: 10    Str: 23    XL:     9   Next: 36%
Magic:  8/8        EV: 10    Int:  4    God:    Trog [****..]
Gold:   271        SH:  5    Dex: 12    Spells: 8/8 levels left

rFire    . . .     SeeInvis .   s - +0 mace (crush)
rCold    . . .     Gourm    .   w - +2 buckler
rNeg     . . .     Faith    .   F - +0 chain mail (curse)
rPois    .         Spirit   .   (helmet restricted)
rElec    .         Reflect  .   a - scarf {cloud immunity}
rCorr    .         Harm     .   (no gloves)
MR       .....                  (no boots)
Stlth    ..........             (no amulet)
HPRegen  0.23/turn              (no ring)
MPRegen  0.11/turn              p - ring of flight {+Fly, !d}

@: lethally poisoned (0 -> -10), berserk cooldown, slowed, glowing, very slow
A: retaliatory headbutt, horns 2
a: Berserk, Trog's Hand, Brothers in Arms, Burn Spellbooks, Renounce Religion,
Evoke Flight


You were on level 7 of the Dungeon.
You worshipped Trog.
Trog was greatly pleased with you.
You were very hungry.

You visited 1 branch of the dungeon, and saw 7 of its levels.

You collected 271 gold pieces.

Inventory:

Hand Weapons
 r - a +0 war axe
   (You found it on level 2 of the Dungeon)
 s - a +0 mace of crushing (weapon)
   (You found it on level 2 of the Dungeon)
Missiles
 z - 2 throwing nets {=f, !d}
Armour
 a - a scarf of cloud immunity (worn)
   (You found it on level 2 of the Dungeon)
 w - a +2 buckler (worn)
   (You found it on level 3 of the Dungeon)
 F - a cursed +0 chain mail (worn)
   (You found it on level 7 of the Dungeon)
Jewellery
 p - a ring of flight (right hand) {+Fly, !d}
   (You found it on level 2 of the Dungeon)
Scrolls
 e - 2 scrolls of remove curse
 x - a scroll of fog {unknown}
 y - a scroll of teleportation {unknown}
 B - a scroll of enchant weapon {unknown}
Potions
 b - 6 potions of curing
 d - a potion of might {unknown}
 f - a potion of resistance
 h - a potion of lignification {!q}
 j - a potion of agility {unknown}
 m - a potion of heal wounds {unknown}
 q - a potion of haste
 t - a potion of invisibility
 A - a potion of magic {unknown}
Comestibles
 k - 4 royal jellies
 u - 3 meat rations {@e2}
 D - a bread ration {@e1}


   Skills:
 + Level 7.8 Fighting
 * Level 10.3 Axes
 + Level 7.2 Armour
 + Level 6.5 Dodging


You had 8 spell levels left.
You didn't know any spells.

Dungeon Overview and Level Annotations

Branches:
Dungeon (7/15)             Temple (0/1) D:5

Altars:
Cheibriados
Dithmenos
Fedhas
Hepliaklqana
Qazlal
Uskayaw
Wu Jian
Yredelemnul

Shops:
D:6 (

Annotations:
D:7 Dowan, Joseph


Innate Abilities, Weirdness & Mutations

You reflexively headbutt those who attack you in melee.
You have a pair of horns on your head.


Message History

k - 4 royal jellies (gained 1)
Things that are here:
a whip; an orc corpse You now have 271 gold pieces (gained 15).
A worker ant comes into view.
You thump the worker ant! You headbutt the worker ant.
The worker ant bites you but does no damage.
The worker ant closely misses you.
You closely miss the worker ant. Your headbutt misses the worker ant.
You block the worker ant's attack.
You sock the worker ant!
You kill the worker ant!
Trog accepts your kill.
No target in view!
You see here a worker ant corpse.
A bullfrog comes into view.
The bullfrog gives a loud, deep croak!
The bullfrog moves out of view.
The bullfrog is too close now for your liking.
You closely miss the bullfrog.
You headbutt the bullfrog, but do no damage.
The bullfrog hits you but does no damage.
The bullfrog barely misses you. You furiously retaliate!
You headbutt the bullfrog. You thump the bullfrog!
The bullfrog swells and bulges.
The bullfrog completely misses you. You furiously retaliate!
You headbutt the bullfrog! The bullfrog hits you.
You take 2 damage, and have 78/80 hp.
You barely miss the bullfrog. Your headbutt misses the bullfrog.
The bullfrog hits you but does no damage.
Your chain mail prevents you from hitting the bullfrog.
The bullfrog barely misses you. You furiously retaliate!
You headbutt the bullfrog. The bullfrog barely misses you.
You furiously retaliate!
You headbutt the bullfrog!
You kill the bullfrog!
Trog accepts your kill.
No target in view!
Duvessa, Sister of Dowan comes into view.
She is wielding a rapier.
Duvessa shouts!
Dowan, Brother of Duvessa comes into view.
He is wielding a dagger of venom.
Health restored: 80 Dowan shouts!
Dowan gestures at you while chanting.
You are outlined in light.
A necrophage comes into view.
A red film seems to cover your vision as you go berserk!
You feel yourself moving faster!
You feel mighty!
You are feeling very hungry.
Dowan gestures at Duvessa while chanting.
Duvessa seems to speed up.
You hear a shout!
An ogre comes into view. It is wielding a giant club.
You now have 120/120 hp.
The ogre shouts!
You sock Duvessa! You headbutt Duvessa! Duvessa closely misses you.
You sock Duvessa! Duvessa hits you but does no damage.
Joseph, a Mercenary comes into view.
He is wielding a quarterstaff of crushing.
Your chain mail prevents you from hitting Duvessa.
You sock Duvessa!
You kill Duvessa!
Trog accepts your kill.
Dowan seems overcome with grief, but rights himself reflexively soon after.
Dowan seems to find hidden reserves of power!
Dowan gestures wildly while chanting.
Dowan blinks!
Health restored: 121 You feel a strong urge to attack something.
The necrophage misses you.
You sock the necrophage!
Dowan says, "Her death will not be in vain!"
You sock the necrophage! You block the necrophage's attack.
You sock the necrophage!
You destroy the necrophage!
Trog accepts your kill. The ogre hits you with a giant club!!
Joseph hits you with a quarterstaff of crushing!!
You take 44 damage, and have 77/121 hp.
MASSIVE DAMAGE!!
You hit Joseph. You headbutt Joseph! You block Dowan's attack.
The ogre completely misses you.
You barely miss Joseph. You headbutt Joseph!
You are no longer berserk.
You are exhausted.
You feel yourself slow down.
Joseph hits you with a quarterstaff of crushing!
Dowan hits you but does no damage.
You are poisoned.
You now have 44/81 hp.
There are monsters nearby!
You feel sick. The ogre hits you with a giant club!!
* * * LOW HITPOINT WARNING * * *
Dowan hits you but does no damage.
You are more poisoned.
You take 21 damage, and have 23/81 hp.
MASSIVE DAMAGE!!
You feel very sick. Dowan gestures at you while chanting.
You block the shard of ice. The ogre hits you with a giant club!!
You die...

.# .# ### ## .# #.. ... .#
###.#####.# .#
##.#.......# .#
..#.......# .# #.#.......#
.# #######.#)......## .#
........@O@†.....#
.##############.#e##......
.†..............#.# .....
#########....####!# ....
#....# #.# ### #....# ###
#...... .........#
######....#


You could see Joseph, an ogre and Dowan.

Vanquished Creatures
  Pikel (D:4)
  The ghost of Bunnehwyld the Chopper, an amateur HOMo (D:4)
  A hornet (D:6)
  The ghost of poodlewalker the Skirmisher, an amateur OgBe of Trog (D:3)
  Duvessa (D:7)
  An ice beast (D:6)
  An ogre (D:5)
  A necrophage (D:7)
  A centaur (D:6)
  Blork the orc (D:6)
  4 bullfrogs
  A wyvern zombie (D:6)
  2 howler monkeys
  A crimson imp (D:6)
  A centaur zombie (D:5)
  4 orc priests
  A hound (D:6)
  A bullfrog skeleton (D:6)
  6 orc wizards
  An iguana (D:6)
  2 worker ants
  A killer bee zombie (D:3)
  A hound skeleton (D:6)
  A worker ant zombie (D:5)
  4 gnolls
  10 adders
  An adder skeleton (D:4)
  3 worms
  A dart slug (D:1)
  3 leopard geckos
  11 orcs
  2 giant cockroaches (D:3)
  8 goblins
  9 hobgoblins
  6 jackals (D:2)
  A quokka (D:5)
  3 ball pythons
  16 bats
  6 frilled lizards
  5 kobolds
  A quokka skeleton (D:4)
  6 rats
  A spectral orc (D:4)
134 creatures vanquished.

Vanquished Creatures (others)
  3 slaves (D:4)
  2 gnolls (D:4)
  A worm (D:4)
6 creatures vanquished.

Grand Total: 140 creatures vanquished

Notes
Turn   | Place    | Note
-------+----------+-------------------------------------------
     0 | D:1      | Fuzzwah the Minotaur Berserker began the quest for the Orb.
     0 | D:1      | Reached XP level 1. HP: 19/19 MP: 0/0
   276 | D:1      | Upgraded the game from 0.21-a0-225-g207ae17 to 0.21-a0-444-g29a2fec
   390 | D:1      | Reached skill level 4 in Axes
   390 | D:1      | Reached XP level 2. HP: 24/27 MP: 1/1
   753 | D:2      | Reached skill level 4 in Fighting
  1019 | D:2      | Reached XP level 3. HP: 31/33 MP: 2/2
  1206 | D:2      | Reached skill level 3 in Armour
  1230 | D:2      | Reached ** piety under Trog
  1446 | D:3      | Reached XP level 4. HP: 39/41 MP: 3/3
  1494 | D:3      | Reached skill level 5 in Axes
  1508 | D:3      | Reached skill level 3 in Dodging
  1627 | D:3      | Reached XP level 5. HP: 47/47 MP: 4/4
  1679 | D:3      | Noticed poodlewalker's ghost (amateur OgBe)
  1687 | D:3      | Killed poodlewalker's ghost
  1687 | D:3      | Reached skill level 5 in Fighting
  1687 | D:3      | Reached skill level 6 in Axes
  1687 | D:3      | Reached skill level 4 in Armour
  1687 | D:3      | Reached XP level 6. HP: 34/56 MP: 5/5
  2254 | D:4      | Noticed a slave
  2254 | D:4      | Noticed a slave
  2255 | D:4      | Noticed a slave
  2255 | D:4      | Noticed Pikel
  2255 | D:4      | Noticed a slave
  2265 | D:4      | HP: 21/84 [slave[Pikel] (3)]
  2267 | D:4      | Killed Pikel
  2267 | D:4      | Reached skill level 7 in Axes
  2267 | D:4      | Reached skill level 5 in Armour
  2267 | D:4      | Reached skill level 4 in Dodging
  2267 | D:4      | Reached XP level 7. HP: 20/62 MP: 6/6
  2614 | D:4      | Noticed Bunnehwyld's ghost (amateur HOMo)
  2619 | D:4      | Killed Bunnehwyld's ghost
  2619 | D:4      | Reached skill level 6 in Fighting
  2619 | D:4      | Reached XP level 8. HP: 70/70 MP: 7/7
  2679 | D:4      | Reached skill level 8 in Axes
  2732 | D:4      | Reached skill level 5 in Dodging
  2752 | D:4      | Reached *** piety under Trog
  2983 | D:4      | Found a basalt altar of Yredelemnul.
  3236 | D:5      | Entered Level 5 of the Dungeon
  3309 | D:5      | Found a staircase to the Ecumenical Temple.
  3453 | D:5      | Found a hazy altar of Hepliaklqana.
  3622 | D:6      | Found an ornate altar of the Wu Jian Council.
  3626 | D:6      | Reached skill level 6 in Armour
  3631 | D:6      | Found a snail-covered altar of Cheibriados.
  3637 | D:6      | Noticed a hornet
  3642 | D:6      | Killed a hornet
  3642 | D:6      | Reached skill level 7 in Fighting
  3642 | D:6      | Reached skill level 9 in Axes
  3662 | D:6      | Found a hide-covered altar of Uskayaw.
  3662 | D:6      | Found a shadowy altar of Dithmenos.
  3664 | D:6      | Found a blossoming altar of Fedhas.
  3665 | D:6      | Found a stormy altar of Qazlal.
  3735 | D:6      | Noticed Blork the orc
  3742 | D:6      | Killed Blork the orc
  3992 | D:6      | Reached skill level 6 in Dodging
  4004 | D:6      | Reached XP level 9. HP: 38/79 MP: 8/8
  4158 | D:6      | Found Omakojej's Weapon Boutique.
  4272 | D:6      | Reached skill level 10 in Axes
  4272 | D:6      | Reached skill level 7 in Armour
  4546 | D:7      | Reached **** piety under Trog
  4674 | D:7      | Noticed Duvessa
  4675 | D:7      | Noticed Dowan
  4680 | D:7      | Noticed Joseph
  4681 | D:7      | Killed Duvessa
  4690 | D:7      | HP: 20/81 [poisoned by Dowan]
  4690 | D:7      | Slain by an ogre

Vault maps used:
D:1:      scummos_arrival_hexagon
D:2:      kennysheep_six_static_rooms, minmay_misc_feat_tower
D:4:      yredelemnul_forgotten_temple_becter, uniq_pikel
D:5:      kennysheep_mini_moat, temple_doors_cd, first_bread, st_stairs_3
D:6:      minitemple, serial_shops, shop, kennysheep_potato, uniq_blork_the_orc
D:7:      the_bakery, uniq_joseph, uniq_duvessa, uniq_menkaure

Skill      XL: |  1  2  3  4  5  6  7  8  9 |
---------------+----------------------------+-----
Axes           | 4 5 6 7 9 10 | 10.3
Fighting       | 4 5 6 7 |  7.8
Armour         | 3 4 5 6 7 |  7.2
Dodging        | 3 4 6 |  6.5

Action                   |  1- 3 |  4- 6 |  7- 9 || total
-------------------------+-------+-------+-------++-------
Melee: Hand axe          |    54 |       |       ||    54
       Headbutt          |     8 |     9 |    33 ||    50
       Mace              |    25 |    78 |   162 ||   265
       War axe           |     2 |       |       ||     2
Invok: Berserk           |       |     3 |     6 ||     9
  Use: Scroll            |     3 |     1 |     4 ||     8
       Potion            |     1 |       |       ||     1
 Stab: Sleeping          |     1 |       |       ||     1
  Eat: Chunk             |     1 |     4 |    10 ||    15
       Bread ration      |       |       |     1 ||     1
Armor: Animal skin       |     1 |       |       ||     1
       Ring mail         |    35 |    24 |    38 ||    97
       Chain mail        |       |       |     6 ||     6
Dodge: Dodged            |    45 |    49 |    93 ||   187
Block: Buckler           |     6 |    15 |    35 ||    56

Table legend:
 A = Spawn XP
 B = Non-spawn XP
 C = Spawn XP percentage of total XP
 D = Spawn monster count
 E = Non-spawn monster count
 F = Spawn count percentage of total count
 G = Total turns spent on level
                    A         B        C        D         E        F      G
               +---------+---------+-------+---------+---------+-------+---------
         Total |       1 |    3804 |   0.0 |       1 |     133 |   0.7 |  4690
               +---------+---------+-------+---------+---------+-------+---------
           D:1 |       1 |      17 |   5.6 |       1 |       9 |  10.0 |   736
           D:2 |       0 |      70 |   0.0 |       0 |      34 |   0.0 |   690
           D:3 |       0 |     412 |   0.0 |       0 |      31 |   0.0 |   786
           D:4 |       0 |    1111 |   0.0 |       0 |      11 |   0.0 |  1024
           D:5 |       0 |     326 |   0.0 |       0 |      11 |   0.0 |   386
           D:6 |       0 |    1428 |   0.0 |       0 |      29 |   0.0 |   920
           D:7 |       0 |     440 |   0.0 |       0 |       8 |   0.0 |   148
               +---------+---------+-------+---------+---------+-------+---------

Vault maps used:
D:1:      scummos_arrival_hexagon
D:2:      kennysheep_six_static_rooms, minmay_misc_feat_tower
D:4:      yredelemnul_forgotten_temple_becter, uniq_pikel
D:5:      kennysheep_mini_moat, temple_doors_cd, first_bread, st_stairs_3
D:6:      minitemple, serial_shops, shop, kennysheep_potato, uniq_blork_the_orc
D:7:      the_bakery, uniq_joseph, uniq_duvessa, uniq_menkaure

Table legend:
 A = Turns spent in this place as a percentage of turns spent in the entire game.
 B = Non-inter-level travel turns spent in this place as a percentage of non-inter-level travel turns spent in the entire game.
 C = Inter-level travel turns spent in this place as a percentage of turns spent in this place.
 D = Turns resting spent in this place as a percentage of non-inter-level travel turns spent in this place.
 E = Turns spent auto-exploring this place as a percentage of non-inter-level travel turns spent in this place.
 F = Non-inter-level travel turns spent in this place divided by the number of levels of this place that you've seen.
                   A       B       C       D       E      F
               +-------+-------+-------+-------+-------+----------------------
         Total | 100.0 | 100.0 |   4.1 |  17.4 |  64.7 | 642.7
       Dungeon | 100.0 | 100.0 |   4.1 |  17.4 |  64.7 | 642.7
               +-------+-------+-------+-------+-------+----------------------

Table legend:
 A = Kills in this place as a percentage of kills in entire the game.
 B = Kills by you in this place as a percentage of kills by you in the entire game.
 C = Kills by friends in this place as a percentage of kills by friends in the entire game.
 D = Other kills in this place as a percentage of other kills in the entire game.
 E = Experience gained in this place as a percentage of experience gained in the entire game.
 F = Experience gained in this place divided by the number of levels of this place that you have seen.
                   A       B       C       D       E      F
               +-------+-------+-------+-------+-------+----------------------
         Total | 100.0 | 100.0 |   N/A |   N/A | 100.0 | 543.6
       Dungeon | 100.0 | 100.0 |   N/A |   N/A | 100.0 | 543.6
               +-------+-------+-------+-------+-------+----------------------
